 Dungeon Crawl Stone Soup version 0.30-a0-310-g7d6cbdfea6 (webtiles) character file.

Game seed: 10193747599358406873

359 NinjaNoafa the Sneak (level 6, -4/29 (36) HPs)
             Began as an Octopode Enchanter on Oct 24, 2022.
             Slain by a necrophage (5 damage)
             ... on level 4 of the Dungeon.
             The game lasted 00:06:26 (3169 turns).

NinjaNoafa the Sneak (Octopode Enchanter)           Turns: 3169, Time: 00:06:27

HP:   -4/29 (36)    AC:  1    Str:  8    XL:     6   Next: 65%
MP:   9/9           EV: 13    Int: 17    God:
Gold: 170           SH:  0    Dex: 14    Spells: 7/10 levels left

rFire   . . .      SeeInvis .    m - +0 dagger (venom)
rCold   . . .      Faith    .    e - orb {guile}
rNeg    . . .      Spirit   .    (helmet restricted)
rPois   .          Reflect  .    (no amulet)
rElec   .          Harm     .    (no ring)
rCorr   .          Rampage  .    (no ring)
Will    .....                    (no ring)
Stlth   ++++......               (no ring)
HPRegen 0.24/turn                (no ring)
MPRegen 0.11/turn                (no ring)
                                 (no ring)
                                 (no ring)

@: mighty, heavily drained
A: almost no armour, amphibious, 8 rings, camouflage 1, gelatinous body 1,
(nimble swimmer 1), tentacles
a: no special abilities


You were on level 4 of the Dungeon.
You visited 1 branch of the dungeon, and saw 4 of its levels.

You collected 170 gold pieces.

Inventory:

Hand Weapons
 a - a +1 dagger
 m - a +0 dagger of venom (weapon)
Missiles
 d - 4 boomerangs (quivered)
 g - 20 stones
 q - a throwing net
Armour
 e - an orb of guile (worn)
Jewellery
 b - a ring of see invisible
 p - a +6 ring of intelligence
Wands
 l - a wand of paralysis (11)
Scrolls
 i - 4 scrolls of teleportation {unknown}
 k - a scroll of amnesia {unknown}
 o - a scroll of identify {unknown}
Potions
 c - a potion of lignification
 h - a potion of heal wounds {unknown}
 j - a potion of cancellation {unknown}
 n - 2 potions of curing


   Skills:
 - Level 3.0 Short Blades
 - Level 2.0 Dodging
 - Level 5.0 Stealth
 + Level 2.5 Spellcasting
 - Level 5.0 Hexes
 - Level 3.0 Ice Magic


You had 7 spell levels left.
You knew the following spells:

 Your Spells              Type           Power      Damage    Failure   Level
a - Ensorcelled Hibernat  Hex/Ice        30%        N/A       5%          2
b - Slow                  Hex            76%        N/A       2%          1

Your spell library contained the following spells:

 Spells                   Type           Power      Damage    Failure   Level
 Confusing Touch          Hex            19%        N/A       7%          3
 Tukima's Dance           Hex            19%        N/A       7%          3
 Apportation              Tloc           4%         N/A       19%         1
 Dazzling Flash           Conj/Hex       20%        N/A       21%         3
 Vampiric Draining        Necr           2%         2d6       50%         3
 Alistair's Intoxication  Tmut/Pois      1%         N/A       99%         5


Dungeon Overview and Level Annotations

Branches:
Dungeon (4/15)
 Temple: D:4-7

Altars:
Nemelex Xobeh
Uskayaw


Innate Abilities, Weirdness & Mutations

You cannot wear most types of armour.
You are amphibious.
You can wear up to eight rings at the same time.
Your skin changes colour to match your surroundings (Stealth+).
Your rubbery body absorbs attacks. (AC +1, EV +1)
((You are camouflaged when in or above water. (Stealth+)))
You have tentacles for arms and can constrict up to eight enemies at once.


Message History

The necrophage is moderately damaged.
You constrict the necrophage. The necrophage closely misses you.
The necrophage hits you!
You feel drained.
You completely miss the necrophage.
The necrophage is moderately damaged.
You constrict the necrophage. The necrophage hits you.
You feel drained. The necrophage hits you.
* * * LOW HITPOINT WARNING * * *
You hit the necrophage.
The necrophage is heavily damaged.
You constrict the necrophage. You hit the necrophage.
You squeeze the necrophage.
The necrophage is severely damaged.
You constrict the necrophage. The necrophage hits you.
* * * LOW HITPOINT WARNING * * *
The necrophage hits you.
* * * LOW HITPOINT WARNING * * *
You release your grip on the necrophage.
The necrophage attacks as you move away!
The necrophage barely misses you.
It was a potion of curing.
You feel better. The necrophage barely misses you. The necrophage hits you.
* * * LOW HITPOINT WARNING * * *
It was a potion of might.
You feel very mighty all of a sudden.
The necrophage hits you but does no damage.
The necrophage hits you.
* * * LOW HITPOINT WARNING * * *
You feel drained.
You puncture the necrophage! You grab the necrophage.
You squeeze the necrophage!
The necrophage is severely damaged.
You constrict the necrophage, but do no damage.
The necrophage misses you. The necrophage hits you.
* * * LOW HITPOINT WARNING * * *
You feel drained.
You release your grip on the necrophage.
The necrophage attacks as you move away!
The necrophage hits you.
You die...

### ########...##
#...........#
####..n..†).....
#######....@n.........
...........####.......
.######.##.# ......#
#.##.# .#..... #†##.#
.##.#.# #.##.# .# .# #
###.##.# .# # #......#
#...####


You could see 2 necrophages.

Vanquished Creatures
  A necrophage (D:4)
  2 hounds (D:4)
  A gnoll bouda (D:4)
  An iguana (D:4)
  An orc wizard (D:4)
  2 adders (D:3)
  4 gnolls (D:4)
  An ufetubus (D:4)
  2 worms (D:2)
  2 dart slugs
  6 orcs (D:4)
  9 ball pythons
  6 bats
  9 endoplasms
  3 giant cockroaches
  5 goblins
  2 hobgoblins
  4 jackals (D:3)
  4 kobolds
  4 quokkas
  6 frilled lizards
  6 rats
81 creatures vanquished.

Notes
Turn   | Place    | Note
-------+----------+-------------------------------------------
     0 | D:1      | NinjaNoafa the Octopode Enchanter began the quest for the
                  | Orb.
     0 | D:1      | Reached XP level 1. HP: 11/11 MP: 3/3
   120 | D:1      | Reached XP level 2. HP: 17/17 MP: 5/5
   701 | D:1      | Found a faded altar of an unknown god.
   723 | D:1      | Reached skill level 1 in Ice Magic
   723 | D:1      | Reached XP level 3. HP: 21/21 MP: 6/6
  1156 | D:2      | Identified the +10 mace "Judes" {holy, rElec rC++ Str-2
                  | Dex+3}
  1536 | D:2      | Learned a level 2 spell: Ensorcelled Hibernation
  1653 | D:3      | Reached XP level 4. HP: 27/27 MP: 7/7
  1698 | D:3      | Reached skill level 5 in Stealth
  1946 | D:3      | Found a sparkling altar of Nemelex Xobeh.
  2072 | D:3      | Identified the +1 leather armour "Tasoeph" {rElec rC+}
  2160 | D:3      | Learned a level 1 spell: Slow
  2236 | D:3      | Found a hide-covered altar of Uskayaw.
  2340 | D:4      | Reached XP level 5. HP: 18/31 MP: 8/8
  2347 | D:4      | HP: 1/31 [orc wizard/+0 dagger (2)]
  2816 | D:4      | Reached XP level 6. HP: 36/36 MP: 4/9
  3116 | D:4      | Reached skill level 5 in Hexes
  3168 | D:4      | HP: 1/30 [necrophage (3)]
  3169 | D:4      | Slain by a necrophage

Illustrated notes

Levels and vault maps discovered:
D:1:      grunt_arrival_crossed_arrows, layout_basic,
          shapermc_ecumenical_altar_ellora
D:2:      layout_basic
D:3:      layout_rooms, mainiacjoe_overflow_swirl, hex_medium,
          kennysheep_pointless_box
D:4:      layout_loops_ring

Skill      XL: |  1  2  3  4  5  6 |
---------------+-------------------+-----
Ice Magic      | 1 3 |  3.0
Short Blades   | 2 3 |  3.0
Stealth        | 5 |  5.0
Hexes          | 4 5 |  5.0
Dodging        | |  2.0
Spellcasting   | |  2.5

Action                   |  1- 3 |  4- 6 || total
-------------------------+-------+-------++-------
Melee: Dagger            |    82 |   103 ||   185
       Tentacles         |    19 |    19 ||    38
       Constrict         |    20 |    19 ||    39
       Punch             |       |     1 ||     1
Throw: Boomerang         |     5 |     1 ||     6
 Cast: Slow              |       |     2 ||     2
       Ensorcelled Hiber |       |     8 ||     8
  Use: Potion            |     1 |     4 ||     5
 Stab: Sleeping          |    14 |    13 ||    27
Armor: Skin              |    10 |    15 ||    25
Dodge: Dodged            |    64 |    65 ||   129

Table legend: (Time is in decaauts)
 A = Elapsed time spent in this place.
 B = Non-inter-level travel time spent in this place.
 C = Inter-level travel time spent in this place.
 D = Time resting spent in this place.
 E = Time spent auto-exploring this place.
 F = Levels seen in this place.
 G = Mean time per level.
                   A        B        C        D        E       F      G
               +--------+--------+--------+--------+--------+-----+--------+
         Total |   3150 |   3072 |     78 |      0 |   2451 |   4 |  787.5 |
       Dungeon |   3150 |   3072 |     78 |      0 |   2451 |   4 |  787.5 |
               +--------+--------+--------+--------+--------+-----+--------+

Top non-repeatable levels by time:
     D:1: 962 daAuts
     D:4: 835 daAuts
     D:2: 679 daAuts
     D:3: 673 daAuts
